 Dungeon Crawl Stone Soup version 0.21.1-1-g345015fe64 (webtiles) character file.

1303 JarielCorvus the Skirmisher (level 8, -6/53 HPs)
             Began as a Gargoyle Fighter on July 16, 2018.
             Killed by divine providence
             ... invoked by an orc priest
              (11 damage)
             ... on level 9 of the Dungeon.
             The game lasted 00:12:17 (4880 turns).

JarielCorvus the Skirmisher (Gargoyle Fighter)      Turns: 4880, Time: 00:12:18

Health: -6/53      AC: 17    Str: 20    XL:     8   Next: 57%
Magic:  8/8        EV:  9    Int: 10    God:
Gold:   211        SH:  7    Dex: 12    Spells: 7/7 levels left

rFire    . . .     SeeInvis .   x - +6 mace "Cirruek" {freeze, +Fly rElec Dex+2}
rCold    . . .     Gourm    .   k - +2 buckler
rNeg     + . .     Faith    .   b - +1 scale mail
rPois    ∞         Spirit   .   j - +2 helmet
rElec    +         Reflect  .   (no cloak)
rCorr    .         Harm     .   (no gloves)
MR       .....                  (no boots)
Stlth    ..........             (no amulet)
HPRegen  0.17/turn              (no ring)
MPRegen  0.11/turn              (no ring)

@: no status effects
A: negative energy resistance 1, electricity resistance, unbreathing,
petrification resistance, rot immunity, AC +5
a: Evoke Flight


You were on level 9 of the Dungeon.
You were not hungry.

You visited 2 branches of the dungeon, and saw 8 of its levels.

You collected 211 gold pieces.

Inventory:

Hand Weapons
 a - a +1 long sword
 x - the +6 mace "Cirruek" (weapon) {freeze, +Fly rElec Dex+2}
   (You found it on level 4 of the Dungeon)

   It has been specially enchanted to freeze those struck by it, causing extra
   injury to most foes and up to half again as much damage against particularly
   susceptible opponents.
   It can also slow down cold-blooded creatures.
   It affects your dexterity (+2).
   It insulates you from electricity.
   It lets you fly.
Armour
 b - a +1 scale mail (worn)
 c - a +0 shield
 j - a +2 helmet (worn)
 k - a +2 buckler (worn)
 o - a +0 scale mail
Jewellery
 y - a cursed ring of loudness {unknown}
 C - an uncursed ring of magical power {unknown}
Wands
 s - a wand of paralysis (31)
 v - a wand of flame (28)
Scrolls
 e - 4 scrolls of teleportation
 i - 2 scrolls of fear
 m - 3 scrolls of amnesia
 p - a scroll of remove curse
 t - a scroll of magic mapping
 z - a scroll of enchant weapon
 A - 2 scrolls of blinking
 D - a scroll of random uselessness {unknown}
 E - 2 scrolls of identify
Potions
 d - 3 potions of might
 g - a potion of haste
 h - a potion of ambrosia
 l - a potion of mutation
 n - a potion of curing
 q - a potion of invisibility {unknown}
 r - a potion of brilliance {unknown}
 u - 5 potions of heal wounds {unknown}
 w - a potion of resistance {unknown}
 B - a potion of lignification {unknown}
Comestibles
 f - 10 rations


   Skills:
 * Level 7.3 Fighting
 + Level 4.1 Long Blades
 * Level 7.2 Armour
 + Level 5.4 Shields


You had 7 spell levels left.
You didn't know any spells.

Dungeon Overview and Level Annotations

Branches:
Dungeon (6/15)             Temple (1/1) D:4

Altars:
Cheibriados
Dithmenos
Elyvilon
Gozag
Hepliaklqana
Nemelex Xobeh
Okawaru
Ru
Sif Muna
Trog
Uskayaw
Vehumet
Wu Jian
Xom
Yredelemnul

Shops:
D:5 }   D:6 [


Innate Abilities, Weirdness & Mutations

You are resistant to torment.
Your stone body is resilient. (AC +5)
You are immune to poison.
You resist negative energy. (rN+)
You are resistant to electric shocks. (rElec)
You can survive without breathing.
You are immune to petrification.
You are immune to rotting.


Message History

The ogre is almost dead.
You block the ice beast's attack.
The orc priest mumbles some strange prayers to Beogh against you.
Beogh smites you!
* * * LOW HITPOINT WARNING * * *
The orc moves out of view.
The ice beast hits you but does no damage.
The ogre hits you with a giant spiked club.
* * * LOW HITPOINT WARNING * * *
You thump the ogre! You freeze the ogre.
You kill the ogre!
The orc priest moves out of view.
You block the sky beast's attack.
The ice beast hits you but does no damage.
An orc wizard comes into view. It is wielding a dagger.
The sky beast flickers out of sight!
Deactivating autopickup; reactivate with Ctrl-A.
An orc wizard comes into view. It is wielding a dagger.
The orc priest calls down the wrath of Beogh upon you.
Beogh smites you!
You die...

.. #. ###########
.. #.........# .#
#.........##..###
#..........#....##
#.......Y....oo.oo
#......@...o..#
#.............#
###.##...........:
♣. ###.......###
#.......#
#.......#
#.....#.#
#....##.#


You could see an ice beast, an orc priest and 2 orc wizards.

Vanquished Creatures
  A sky beast (D:6)
  2 ice beasts
  2 ogres
  The ghost of GreeedyOne the Chopper, an amateur FoFi (D:3)
  A centaur (D:5)
  A scorpion (D:6)
  A jelly (D:6)
  3 orc priests
  An orc wizard (D:3)
  4 hounds
  2 bullfrog skeletons (D:5)
  Jessica (D:2)
  Terence (D:2)
  An iguana (D:5)
  A worker ant (D:6)
  A hound zombie (D:6)
  9 adders
  An adder zombie (D:6)
  2 worms
  3 dart slugs
  5 leopard geckos
  15 orcs
  2 ball pythons
  6 giant cockroaches
  6 goblins
  7 hobgoblins
  14 jackals
  5 kobolds
  2 quokkas
  9 bats
  A frilled lizard (D:3)
  A quokka zombie (D:4)
  7 rats
119 creatures vanquished.

Notes
Turn   | Place    | Note
-------+----------+-------------------------------------------
     0 | D:1      | JarielCorvus the Gargoyle Fighter began the quest for the Orb.
     0 | D:1      | Reached XP level 1. HP: 14/14 MP: 1/1
   316 | D:1      | Reached XP level 2. HP: 9/19 MP: 2/2
  1076 | D:2      | Noticed Terence
  1092 | D:2      | Killed Terence
  1092 | D:2      | Reached XP level 3. HP: 20/24 MP: 3/3
  1114 | D:2      | Found a hazy altar of Hepliaklqana.
  1135 | D:2      | Reached XP level 4. HP: 28/29 MP: 4/4
  1152 | D:2      | Noticed Jessica
  1160 | D:2      | Killed Jessica
  1972 | D:3      | Reached XP level 5. HP: 33/34 MP: 5/5
  2359 | D:3      | Noticed GreeedyOne's ghost (amateur FoFi)
  2383 | D:3      | Killed GreeedyOne's ghost
  2383 | D:3      | Reached skill level 5 in Fighting
  2383 | D:3      | Reached skill level 5 in Armour
  2383 | D:3      | Reached XP level 6. HP: 13/40 MP: 6/6
  2646 | D:3      | Found a sacrificial altar of Ru.
  3121 | D:4      | Found an ornate altar of the Wu Jian Council.
  3228 | D:4      | Got a translucent mace
  3351 | D:4      | Reached XP level 7. HP: 43/44 MP: 7/7
  3446 | D:4      | Identified the +6 mace "Cirruek" {freeze, +Fly rElec Dex+2} (You found it on level 4 of the Dungeon)
  3531 | D:4      | Found a staircase to the Ecumenical Temple.
  3568 | Temple   | Entered the Ecumenical Temple
  3705 | D:5      | Entered Level 5 of the Dungeon
  3834 | D:5      | Found Castreg's Gadget Shop.
  4459 | D:5      | Reached XP level 8. HP: 51/52 MP: 8/8
  4594 | D:6      | Reached skill level 5 in Shields
  4669 | D:6      | Found an opulent altar of Gozag.
  4741 | D:6      | Found Herph's Armour Shop.
  4869 | D:6      | You fall through a shaft for 3 floors!
  4880 | D:9      | Killed from afar by an orc priest

Skill      XL: |  1  2  3  4  5  6  7  8 |
---------------+-------------------------+-----
Long Blades    | 2 3 4 |  4.1
Fighting       | 4 5 6 7 |  7.3
Armour         | 4 5 6 7 |  7.2
Shields        | 4 5 |  5.4

Action                   |  1- 3 |  4- 6 |  7- 9 || total
-------------------------+-------+-------+-------++-------
Melee: Long sword        |    83 |   295 |     2 ||   380
       Mace              |       |       |   108 ||   108
  Use: Scroll            |     2 |    12 |     3 ||    17
  Eat: Chunk             |       |     9 |     5 ||    14
Armor: Scale mail        |    57 |   173 |    65 ||   295
Dodge: Dodged            |    43 |   119 |    33 ||   195
Block: Shield            |    31 |       |       ||    31
       Buckler           |    14 |   106 |    40 ||   160
       Rpst.: Long sword |    14 |    35 |     1 ||    50
